 Dungeon Crawl Stone Soup version 0.18.1-50-g88ac8fd (webtiles) character file.

8 ololoev the Magician (level 2, -7/15 HPs)
             Began as a Deep Elf Earth Elementalist on Dec 1, 2016.
             Mangled by a phantom (8 damage)
             ... on level 4 of the Dungeon.
             The game lasted 00:01:34 (224 turns).

ololoev the Magician (Deep Elf Earth Elementalist)   Turns: 224, Time: 00:01:35

Health: -7/15      AC:  2    Str:  5    XL:     2   Next: 0%
Magic:  3/8        EV: 13    Int: 19    God:
Gold:   35         SH:  0    Dex: 15    Spells: 1 memorised, 7 levels left

rFire  . . .     SeeInvis .     b - 3 stones
rCold  . . .     Gourm    .     a - +0 robe
rNeg   . . .     Faith    .     (no shield)
rPois  .         Spirit   .     (no helmet)
rElec  .         Dismiss  .     (no cloak)
rCorr  .         Reflect  .     (no gloves)
SustAt .         Harm     .     (no boots)
MR     .....                    (no amulet)
Stlth  ++........               (no ring)
                                (no ring)

@: very slightly contaminated, not resistant to hostile enchantments, unstealthy
A: no striking features
a: no special abilities

Inventory:

Missiles
 b - 3 stones (in hand)
Armour
 a - a +0 robe (worn)
Potions
 e - a potion of lignification {unknown}
 f - a potion of agility {unknown}
 i - a potion of invisibility {unknown}
Books
 c - a book of Geomancy

   Spells                             Type                      Level
   a - Sandblast                      Earth                        1
   b - Passwall                       Transmutation/Earth          2
   c - Stone Arrow                    Conjuration/Earth            3
   d - Petrify                        Transmutation/Earth          4
   e - Lee's Rapid Deconstruction     Earth                        5
Comestibles
 d - a bread ration
 g - a beef jerky
 h - a meat ration


   Skills:
 - Level 2.4 Dodging
 - Level 2.4 Stealth
 * Level 3.5 Spellcasting
   Level 1.1 Transmutations
 + Level 3.5 Earth Magic


You had 7 spell levels left.
You knew the following spells:

 Your Spells              Type           Power        Failure   Level  Hunger
a - Sandblast             Erth           ###...       4%          1    None


You were on level 4 of the Dungeon.
You were not hungry.

You visited 1 branch of the dungeon, and saw 4 of its levels.

You collected 35 gold pieces.

####.##..##..# ###
####≈≈≈.##..## #..
#..≈≈≈≈≈.....#..#..
#..≈≈∩.......#..#..
#..≈≈≈≈≈.....#..#..
#...≈≈≈......#..#..
#....#.......#..#..
##W###..##..###.#..
..####@###..##..###.##.
.........+.........'..'.
.........#.........#.<#.
#+#####.####.##.#######.
#+# ###### #... #...
#... +... #...

Notes
Turn   | Place    | Note
--------------------------------------------------------------
     0 | D:1      | ololoev the Deep Elf Earth Elementalist began the quest for the Orb.
     0 | D:1      | Reached XP level 1. HP: 10/10 MP: 6/6
   118 | D:3      | Reached XP level 2. HP: 14/15 MP: 0/8
   184 | D:4      | Found Korri's Antique Armour Emporium.
   201 | D:4      | Noticed a phantom
   224 | D:4      | Mangled by a phantom

Dungeon Overview and Level Annotations

Branches:
Dungeon (4/15)
 Temple: D:4-7

Altars:

Shops:
D:4 [


Message History

You climb downwards.
There is a stone staircase leading up here.
There is a stone staircase leading down here.
You climb downwards.
Found a meat ration.
There is a stone staircase leading up here.
h - a meat ration You open the door.
Found a stone staircase leading up.
There is an open door here.
You now have 29 gold pieces (gained 12).
There is a stone staircase leading up here.
You climb upwards.
Found a fizzy dark potion.
There is a stone staircase leading down here.
Found a meat ration.
i - a fizzy dark potion
There is a stone staircase leading down here.
You climb downwards.
There is a stone staircase leading up here.
You open the door.
Found 6 gold pieces.
There is an open door here.
Found Korri's Antique Armour Emporium.
You now have 35 gold pieces (gained 6).
Found a glowing leather armour.
You enter the shallow water.
Moving in this stuff is going to be slow.
There is an entrance to Korri's Antique Armour Emporium here.
You enter the shallow water.
Moving in this stuff is going to be slow.
A phantom comes into view.
The phantom blinks!
The phantom blinks!
You open the door.
There is an open door here.
You close the door.
Really attack while wielding your 7 stones?
Okay, then.
Casting: Sandblast
Confirm with . or Enter, or press ? or * to list all spells.
Aiming: Sandblast
Press: ? - help, Shift-Dir - straight line, f - phantom
Aim: a phantom The rocky blast hits the phantom.
The phantom hits you!
Ouch! That really hurt!
The phantom blinks!
Casting: Sandblast
Confirm with . or Enter, or press ? or * to list all spells.
Aiming: Sandblast
Press: ? - help, Shift-Dir - straight line, f/p - phantom
Aim: a phantom You miscast Sandblast.
You are very lightly contaminated with residual magic.
You feel earthy. The phantom hits you.
The phantom blinks!
Casting: Sandblast
Confirm with . or Enter, or press ? or * to list all spells.
Aiming: Sandblast
Press: ? - help, Shift-Dir - straight line, f/p - phantom
Aim: a phantom The rocky blast hits the phantom.
The phantom is lightly damaged.
Casting: Sandblast
Confirm with . or Enter, or press ? or * to list all spells.
Aiming: Sandblast
Press: ? - help, Shift-Dir - straight line, f/p - phantom
Aim: a phantom (lightly damaged)
The rocky blast hits the phantom.
The phantom is moderately damaged.
The phantom misses you.
Casting: Sandblast
Confirm with . or Enter, or press ? or * to list all spells.
Aiming: Sandblast
Press: ? - help, Shift-Dir - straight line, f/p - phantom
Aim: a phantom (moderately damaged)
The rocky blast hits the phantom.
The phantom is heavily damaged.
The phantom hits you!
Ouch! That really hurt!
You die...

You could see a phantom.

Vanquished Creatures
  2 giant cockroaches
  A quokka (D:2)
  2 goblins (D:2)
  3 rats (D:2)
8 creatures vanquished.

Action                   || total
-------------------------++-------
 Cast: Sandblast         ||    17
Dodge: Dodged            ||     5

Vault maps used:
D:1:      dpeg_arrival_prison
D:2:      okawaru_ov_weapons_minmay, uniq_sigmund
D:3:      gammafunk_temple_overflow_forgotten
D:4:      serial_shops, nicolae_shop_waterfront, nicolae_shop_stone,
          nicolae_shop_temple_entry_statues_fountains,
          nicolae_shop_behind_doors, shop_fountains, first_bread
